 Dungeon Crawl Stone Soup version 0.22.1-6-g1668fe2c40 (webtiles) character file.

57 Kohma the Ruffian (level 3, 0/29 HPs)
             Began as a Draconian Transmuter on Jan 24, 2019.
             Was an Initiate of Sif Muna.
             Slain by an ogre
             ... wielding a +0 giant club
              (23 damage)
             ... on level 2 of the Dungeon.
             The game lasted 00:05:53 (1485 turns).

Kohma the Ruffian (Draconian Transmuter)            Turns: 1485, Time: 00:05:54

Health: 0/29       AC:  5    Str: 12    XL:     3   Next: 73%
Magic:  1/6        EV: 12    Int: 14    God:    Sif Muna [......]
Gold:   88         SH:  0    Dex: 11    Spells: 0/6 levels left

rFire    . . .     SeeInvis .     - Unarmed
rCold    . . .     Gourm    .   (no shield)
rNeg     . . .     Faith    .   (armour unavailable)
rPois    .         Spirit   .   (helmet restricted)
rElec    .         Reflect  .   (no cloak)
rCorr    .         Harm     .   (no gloves)
MR       .....                  (boots currently unavailable)
Stlth    +.........             (no amulet)
HPRegen  0.09/turn              (no ring)
MPRegen  0.10/turn              (no ring)

@: appendage
A: unfitting armour, talons 3, cold-blooded, AC +5
a: End Transformation, Renounce Religion


You were on level 2 of the Dungeon.
You worshipped Sif Muna.
Sif Muna was noncommittal.
You were hungry.
You had grown temporary talons.
You visited 1 branch of the dungeon, and saw 2 of its levels.

You collected 88 gold pieces.

Inventory:

Missiles
 a - 19 arrows
 g - 63 stones (quivered)
Scrolls
 b - a scroll of identify {unknown}
 e - 3 scrolls of teleportation {unknown}
 f - a scroll of blinking {unknown}
 i - a scroll of enchant armour {unknown}
Potions
 d - 3 potions of haste {unknown}
 h - 2 potions of agility {unknown}
 j - 2 potions of curing
Comestibles
 c - 2 rations
 k - a chunk of flesh


   Skills:
 + Level 2.0 Fighting
 - Level 1.7 Dodging
 + Level 3.4 Unarmed Combat
 + Level 2.4 Spellcasting
 * Level 3.0 Transmutations


You couldn't memorise any spells.
You knew the following spells:

 Your Spells              Type           Power        Failure   Level  Hunger
a - Beastly Appendage     Tmut           ##....       7%          1    #......
b - Sticks to Snakes      Tmut           ##......     10%         2    ###....
c - Spider Form           Tmut/Pois      #.........   36%         3    ###....

Your spell library contained the following spells:

 Spells                   Type           Power        Failure   Level  Hunger
 Ice Form                 Ice/Tmut       #.......     77%         4    #####..
 Blade Hands              Tmut           ##........   88%         5    ######.


Dungeon Overview and Level Annotations

Branches:
Dungeon (2/15)

Altars:
Sif Muna

Annotations:
D:2 1 transporter


Innate Abilities, Weirdness & Mutations

Your plain brown scales are hard. (AC +5)
You cannot fit into any form of body armour.
You are cold-blooded and may be slowed by cold attacks.
You have claws for feet.


Message History

You hit the ogre.
The ogre is moderately wounded.
Your ball python bites the ogre but does no damage.
The ogre barely misses you. The dart slug bites your ball python.
Your ball python barely misses the ogre.
You hit the ogre.
The ogre is moderately wounded.
The ogre hits you with a giant club.
Your ball python bites the ogre.
The dart slug bites your ball python.
Your ball python dies!
You hit the ogre. You claw the ogre, but do no damage.
The ogre is moderately wounded.
You barely miss the ogre.
The ogre is moderately wounded.
The ogre hits you but does no damage.
You hit the ogre. You tail-slap the ogre.
The ogre is heavily wounded.
The ogre hits you with a giant club!!
Ouch! That really hurt!
You die...

#.# #.# ##.##########
##...........##.#
#..#########..#.#
#.##.......##.#.#
#.#8.##.##.8#.#.##
##.#wO##.##.$#....#
##..#..@....[)#....#
#..©#..©....$_#©...#
#...#.......)%#....#####
#.#.#..##.##)$#.........
#.#.#8.##.##.8#....#####
#.#.##...©.†.##....#
#.#..#########.....#
#.##...........#...#####
#. ##.##########........


You could see an ogre and a dart slug.

Vanquished Creatures
  An adder (D:1)
  An ooze (D:1)
  A dart slug (D:1)
  3 bats (D:1)
  A giant cockroach (D:2)
  4 goblins
  3 hobgoblins (D:1)
  A jackal (D:2)
  2 quokkas (D:2)
  2 frilled lizards
  5 kobolds (D:1)
  4 rats
28 creatures vanquished.

Vanquished Creatures (collateral kills)
  A worker ant (D:2)
  A jackal (D:2)
2 creatures vanquished.

Grand Total: 30 creatures vanquished

Notes
Turn   | Place    | Note
-------+----------+-------------------------------------------
     0 | D:1      | Kohma the Draconian Transmuter began the quest for the Orb.
     0 | D:1      | Reached XP level 1. HP: 16/16 MP: 3/3
   235 | D:1      | Reached XP level 2. HP: 12/23 MP: 3/5
   240 | D:1      | Learned a level 2 spell: Sticks to Snakes
   963 | D:2      | Reached XP level 3. HP: 28/29 MP: 3/6
  1230 | D:2      | Learned a level 3 spell: Spider Form
  1324 | D:2      | Found a deep blue altar of Sif Muna.
  1324 | D:2      | Noticed an ogre
  1333 | D:2      | Found a transporter.
  1340 | D:2      | Found a transporter.
  1465 | D:2      | Became a worshipper of Sif Muna the Loreminder
  1485 | D:2      | Slain by an ogre

Skill      XL: |  1  2  3 |
---------------+----------+-----
Fighting       | 2 |  2.0
Transmutations | 3 |  3.0
Dodging        | |  1.7
Unarmed Combat | |  3.4
Spellcasting   | |  2.4

Action                   || total
-------------------------++-------
Melee: Unarmed           ||    92
       Tailslap          ||     9
       Kick              ||     6
       Headbutt          ||     2
 Cast: Beastly Appendage ||    14
       Sticks to Snakes  ||     6
  Use: Potion            ||     2
  Eat: Chunk             ||     2
Armor: Skin              ||    28
Dodge: Dodged            ||    70
